 Dungeon Crawl Stone Soup version 0.27-a0-965-gbf8bb431c4 (webtiles) character file.

Game seed: 12010013903040873479

7010 robertstho the Unseen (level 11, -1/75 HPs)
             Began as an Octopode Berserker on Apr 12, 2021.
             Was a High Priest of Trog.
             Slain by a wraith (9 damage)
             ... led by Josephine
             ... on level 10 of the Dungeon.
             The game lasted 00:11:35 (8777 turns).

robertstho the Unseen (Octopode Berserker)          Turns: 8777, Time: 00:11:37

Health: -1/75      AC:  1    Str: 23    XL:     11   Next: 8%
Magic:  11/11      EV: 12    Int: 10    God:    Trog [*****.]
Gold:   438        SH:  8    Dex: 14    Spells: 10/10 levels left

rFire    . . .     SeeInvis .   H - +3 quick blade
rCold    . . .     Faith    .   K - +0 kite shield
rNeg     + . .     Spirit   .   (helmet restricted)
rPois    .         Reflect  .   g - amulet of regeneration
rElec    .         Harm     .   p - +6 ring of strength
rCorr    .         Rampage  .   C - ring of positive energy
Will     .....                  (no ring)
Stlth    +++++++...             (no ring)
HPRegen  1.22/turn              (no ring)
MPRegen  0.12/turn              (no ring)
                                (no ring)
                                (no ring)

@: on berserk cooldown, slowed, very slow
A: almost no armour, amphibious, 8 rings, camouflage 1, gelatinous body 1,
(nimble swimmer 1), tentacles
a: Renounce Religion, Berserk, Trog's Hand, Brothers in Arms


You were on level 10 of the Dungeon.
You worshipped Trog.
Trog was extremely pleased with you.
You visited 2 branches of the dungeon, and saw 11 of its levels.
You also visited: Sewer and Ossuary.

You collected 438 gold pieces.

Inventory:

Hand Weapons
 a - a +0 spear
 d - a +1 dagger of venom
 q - the +3 short sword of Power {freeze, *Slow rC+ Str+4}
   (You found it on level 5 of the Dungeon)

   It has been specially enchanted to freeze those struck by it, causing extra
   injury to most foes and up to half again as much damage against particularly
   susceptible opponents.
   It can also slow down cold-blooded creatures.
   It affects your strength (+4).
   It protects you from cold.
   It may slow you when you take damage.
 H - a +3 quick blade (weapon)
Missiles
 t - 8 atropa-tipped darts
 I - a curare-tipped dart
Armour
 K - a +0 kite shield (worn)
Jewellery
 g - an amulet of regeneration (around mantle)
 p - a +6 ring of strength (left tentacle)
 C - a ring of positive energy (right tentacle)
Wands
 B - a wand of mindburst (19)
 D - a wand of paralysis (11)
 F - a wand of iceblast (29)
 G - a wand of acid (11)
 J - a wand of flame (24)
Scrolls
 c - 8 scrolls of immolation
 h - 3 scrolls of magic mapping
 j - a scroll of brand weapon {unknown}
 k - a scroll of amnesia {unknown}
 m - a scroll of vulnerability {unknown}
 n - 4 scrolls of enchant weapon {unknown}
 s - 2 scrolls of fog {unknown}
 w - 2 scrolls of teleportation {unknown}
 y - 2 scrolls of noise {unknown}
Potions
 b - 9 potions of curing
 e - 4 potions of haste
 f - 8 potions of heal wounds
 i - 4 potions of lignification
 l - 2 potions of cancellation
 o - 5 potions of mutation
 r - 5 potions of might
 u - 6 potions of flight
 v - a potion of magic {unknown}
 x - 10 potions of degeneration {unknown}
 z - 2 potions of resistance {unknown}
 A - 3 potions of ambrosia {unknown}
 E - a potion of attraction {unknown}


   Skills:
 * Level 7.2 Fighting
 + Level 5.9 Short Blades
 + Level 3.4 Polearms
 + Level 5.7 Dodging
 * Level 17.0 Stealth
 + Level 1.0 Shields


You had 10 spell levels left.
You didn't know any spells.
Your spell library was empty.

Dungeon Overview and Level Annotations

Branches:
Dungeon (10/15)            Temple (1/1) D:5           Sewer (visited)
Ossuary (visited)
   Lair: D:8-11         Orc: D:9-12

Altars:
Ashenzari
Cheibriados
Gozag
Kikubaaqudgha
Makhleb
Nemelex Xobeh
Qazlal
Uskayaw
Xom
Zin
The Shining One

Shops:
D:3 =

Annotations:
D:6 1 runed translucent door, Zonian's ghost, novice HOMo
D:8 2 transporters, exclusion: oklob plant, Drazool's ghost, journeyman TeFE


Innate Abilities, Weirdness & Mutations

You cannot wear most types of armour.
You are amphibious.
You can wear up to eight rings at the same time.
Your skin changes colour to match your surroundings (Stealth+).
Your rubbery body absorbs attacks. (AC +1, EV +1)
((You are camouflaged near water. (Stealth+)))
You have tentacles for arms and can constrict up to eight enemies at once.


Message History

You constrict Josephine. The wraith hits you! The wraith drains your vigour!
You feel as though you will be slow longer.
The wraith hits you! The wraith drains your vigour!
You feel as though you will be slow longer.
Josephine hits you with a +0 dagger!
You puncture Josephine!
Josephine is severely wounded.
You constrict Josephine. The wraith barely misses you.
You puncture Josephine! You squeeze Josephine!
Josephine is almost dead.
You constrict Josephine.
You kill Josephine!
Trog accepts your kill.
Trog appreciates your killing of a magic user.
The wraith barely misses you. The wraith hits you!
* * * LOW HITPOINT WARNING * * *
The wraith drains your vigour!
You feel as though you will be slow longer.
Your life force feels restored.
Your Stealth skill increases to level 17!
Your Shields skill increases to level 1!
You have reached level 11!
The wraith hits you.
* * * LOW HITPOINT WARNING * * *
The wraith drains your vigour!
You feel as though you will be slow longer.
The wraith completely misses you.
You feel a strong urge to attack something.
You are no longer berserk.
You are exhausted.
You feel as though you will be slow longer.
The wraith closely misses you. The wraith hits you!
* * * LOW HITPOINT WARNING * * *
The wraith drains your vigour!
You feel as though you will be slow longer.
The wraith hits you.
* * * LOW HITPOINT WARNING * * *
The wraith hits you!
You die...

###### ## .....# ..# .....#
..# .....#
#################..#
#....###..................#
##..............W......)..#
##.............WW........#
##....(.........W########.....
#......[...#####@# ...
..########.# #.# . .# #.# #.#
.# #.# #.# .# #.# #..
.#########.# #.. ...........#
#.. .....<.....# #...
.............


You could see 4 wraiths.

Vanquished Creatures
  Josephine (D:10)
  Erolcha (D:9)
  Maurice (D:9)
  Maggie (D:8)
  Prince Ribbit (D:9)
  A troll (D:10)
  2 wyverns
  2 steam dragons (D:8)
  2 water moccasins (D:8)
  An ice beast (D:7)
  Purgy (Sewer)
  2 sky beasts
  3 black bears
  4 ogres
  A necrophage (D:6)
  An orc warrior (D:7)
  3 centaurs
  A phantom (D:5)
  A kobold brigand (D:8)
  2 bullfrogs
  A scorpion (D:4)
  A wyvern skeleton (D:6)
  A wyvern zombie (D:6)
  2 water moccasin skeletons
  3 killer bees (D:9)
  8 wights
  3 howler monkeys (D:9)
  5 centaur zombies
  2 human zombies (Ossuary)
  2 centaur skeletons
  3 hounds
  6 orc priests
  2 bullfrog skeletons
  4 jellies
  5 iguanas
  10 orc wizards
  A killer bee zombie (D:6)
  A hound skeleton (D:4)
  2 mummies (Ossuary)
  A howler monkey zombie (D:6)
  4 gnolls (D:7)
  8 adders
  A river rat (D:6)
  2 white imps
  3 worms
  3 dart slugs
  48 orcs
  10 ball pythons
  10 endoplasms
  3 giant cockroaches
  5 goblins
  9 hobgoblins
  15 jackals
  8 quokkas
  5 bats
  5 frilled lizards
  A goblin zombie (Ossuary)
  A hobgoblin zombie (Ossuary)
  7 kobolds
  An orc zombie (Ossuary)
  3 rats
247 creatures vanquished.

Vanquished Creatures (others)
  4 fungi (D:8)
4 creatures vanquished.

Grand Total: 251 creatures vanquished

Notes
Turn   | Place    | Note
-------+----------+-------------------------------------------
     0 | D:1      | robertstho the Octopode Berserker began the quest for the
                  | Orb.
     0 | D:1      | Reached XP level 1. HP: 16/16 MP: 1/1
   115 | D:1      | Reached XP level 2. HP: 19/21 MP: 2/2
   582 | D:1      | Reached XP level 3. HP: 26/26 MP: 3/3
   690 | D:1      | Reached skill level 1 in Stealth
   944 | D:1      | Reached ** piety under Trog
  1389 | D:2      | You fall into a shaft and drop 1 floor!
  1496 | D:3      | Reached skill level 2 in Stealth
  1654 | D:3      | Reached XP level 4. HP: 32/32 MP: 4/4
  1839 | D:3      | Found Quawugeto's Jewellery Boutique.
  2344 | D:2      | Reached skill level 3 in Stealth
  2694 | D:4      | Noticed a centaur
  2707 | D:4      | Killed a centaur
  2708 | D:4      | Reached skill level 1 in Short Blades
  2708 | D:4      | Reached skill level 4 in Stealth
  2708 | D:4      | Reached XP level 5. HP: 20/37 MP: 5/5
  3149 | D:4      | Reached skill level 5 in Stealth
  3149 | D:4      | Reached XP level 6. HP: 43/43 MP: 6/6
  3192 | D:4      | Reached skill level 6 in Stealth
  3216 | D:4      | Reached *** piety under Trog
  3558 | D:4      | Reached skill level 7 in Stealth
  3741 | D:5      | Entered Level 5 of the Dungeon
  3751 | D:5      | Reached XP level 7. HP: 32/48 MP: 7/7
  3863 | D:5      | Reached skill level 8 in Stealth
  3975 | D:5      | Identified the +3 short sword of Power {freeze, *Slow rC+
                  | Str+4}
  4021 | D:5      | Reached skill level 9 in Stealth
  4106 | D:5      | Found a staircase to the Ecumenical Temple.
  4116 | D:5      | Reached XP level 8. HP: 51/54 MP: 8/8
  4153 | Temple   | Entered the Ecumenical Temple
  4222 | D:5      | You fall into a shaft and drop 1 floor!
  4239 | D:6      | Found a glowing drain.
  4247 | Sewer    | Entered a sewer
  4268 | Sewer    | Noticed Purgy
  4280 | Sewer    | Killed Purgy
  4281 | Sewer    | Reached skill level 10 in Stealth
  4539 | D:6      | Reached skill level 5 in Fighting
  4559 | D:6      | Found a sand-covered staircase.
  4568 | Ossuary  | Entered an ossuary
  4652 | Ossuary  | Reached **** piety under Trog
  4825 | D:6      | Reached skill level 11 in Stealth
  5156 | D:6      | Reached XP level 9. HP: 61/61 MP: 9/9
  5488 | D:6      | Reached skill level 12 in Stealth
  5502 | D:6      | Found a sparkling altar of Nemelex Xobeh.
  5592 | D:6      | Found a runed translucent door.
  5600 | D:6      | Noticed Zonian's ghost (novice HOMo)
  5854 | D:7      | Paralysed by an orc for 3 turns
  5882 | D:7      | Reached ***** piety under Trog
  5889 | D:7      | Identified the +9 chain mail "Wojed" {rC+ Slay+6}
  5947 | D:7      | Reached skill level 13 in Stealth
  6191 | D:7      | Reached skill level 5 in Dodging
  6379 | D:7      | Found a shimmering altar of Xom.
  6471 | D:7      | Received a gift from Trog
  6563 | D:8      | Reached skill level 14 in Stealth
  6568 | D:8      | Reached skill level 5 in Short Blades
  6568 | D:8      | Reached XP level 10. HP: 42/69 MP: 10/10
  6574 | D:8      | Noticed Maggie
  6584 | D:8      | Killed Maggie
  6628 | D:8      | Found an ancient bone altar of Kikubaaqudgha.
  6661 | D:8      | Found a stormy altar of Qazlal.
  6835 | D:8      | Found a transporter.
  6835 | D:8      | Noticed Drazool's ghost (journeyman TeFE)
  6888 | D:8      | Found a transporter.
  7164 | D:8      | Reached skill level 15 in Stealth
  7209 | D:8      | Noticed an oklob plant
  7269 | D:9      | Noticed Maurice
  7272 | D:9      | Paralysed by Maurice for 4 turns
  7286 | D:9      | Killed Maurice
  7691 | D:5      | Found a burning altar of Makhleb.
  7693 | D:5      | Noticed a balrug
  7698 | D:5      | Found a glowing silver altar of Zin.
  7699 | D:5      | Noticed an angel
  8126 | D:9      | Noticed Prince Ribbit
  8130 | D:9      | Killed Prince Ribbit
  8195 | D:9      | Found a glowing golden altar of the Shining One.
  8434 | D:9      | Noticed Erolcha
  8441 | D:9      | Killed Erolcha
  8442 | D:9      | Reached skill level 16 in Stealth
  8614 | D:9      | Found a hide-covered altar of Uskayaw.
  8673 | D:10     | Entered Level 10 of the Dungeon
  8750 | D:10     | Noticed Josephine
  8770 | D:10     | Killed Josephine
  8771 | D:10     | Reached skill level 17 in Stealth
  8771 | D:10     | Reached skill level 1 in Shields
  8771 | D:10     | Reached XP level 11. HP: 27/75 MP: 11/11
  8777 | D:10     | Slain by a wraith

Illustrated notes

Levels and vault maps discovered:
D:1:      dpeg_arrival_court, layout_basic
D:2:      layout_basic
D:3:      layout_loops_ring, serial_shops, nicolae_shop_stone
D:4:      layout_loops_cross
D:5:      layout_loops_ring, grunt_temple_overflow_order_and_chaos_2,
          minmay_temple_entry_ruins
D:6:      layout_loops_corners, nemelex_xobeh_ov_fountains_minmay,
          enter_ossuary_1, lightli_sewer_entry_pipes, ebering_ghost_sewer_d
D:7:      layout_basic, lemuel_round_altar
D:8:      lemuel_slime, layout_loops_cross, kiku_gazebo_pond_becter,
          nicolae_qazlal_scattered_showers, gammafunk_ghost_mausoleum,
          uniq_maggie
D:9:      layout_roguey, lemuel_round_altar, tso_oasis_becter, uniq_maurice,
          uniq_erolcha, uniq_prince_ribbit1
D:10:     layout_irregular_city, grunt_dithmenos_smoke,
          minmay_fractal_squares_gapless_5, uniq_josephine
Temple:   cyrus_circular_temple

Skill      XL: |  1  2  3  4  5  6  7  8  9 10 |
---------------+-------------------------------+-----
Stealth        | 2 4 5 7 9 11 14 17 | 17.0
Short Blades   | 1 2 4 5 |  5.9
Fighting       | 4 5 6 7 |  7.2
Dodging        | 4 5 |  5.7
Shields        | 1 |  1.0
Polearms       | |  3.4

Action                   |  1- 3 |  4- 6 |  7- 9 | 10-12 || total
-------------------------+-------+-------+-------+-------++-------
Melee: Spear             |    26 |       |       |       ||    26
       Constrict         |    17 |    17 |    40 |    28 ||   102
       Tentacles         |    14 |    15 |    61 |    53 ||   143
       Dagger            |    62 |    81 |   212 |       ||   355
       Quick blade       |       |       |     7 |   154 ||   161
Invok: Berserk           |       |     2 |     7 |     3 ||    12
       Trog's Hand       |       |       |       |     1 ||     1
       Brothers in Arms  |       |       |       |     1 ||     1
  Use: Scroll            |       |     6 |     2 |     2 ||    10
 Stab: Sleeping          |    15 |    18 |    39 |    20 ||    92
       Distracted        |       |       |     1 |     3 ||     4
Armor: Skin              |     7 |     3 |    14 |     1 ||    25
Dodge: Dodged            |    43 |    46 |   136 |    50 ||   275
Block: Kite shield       |       |       |       |    21 ||    21

Table legend: (Time is in decaauts)
 A = Elapsed time spent in this place.
 B = Non-inter-level travel time spent in this place.
 C = Inter-level travel time spent in this place.
 D = Time resting spent in this place.
 E = Time spent auto-exploring this place.
 F = Levels seen in this place.
 G = Mean time per level.
                   A        B        C        D        E       F      G
               +--------+--------+--------+--------+--------+-----+--------+
         Total |   8781 |   8113 |    668 |    448 |   6194 |  13 |  675.5 |
       Dungeon |   8297 |   7629 |    668 |    398 |   5907 |  10 |  829.7 |
        Temple |     44 |     44 |      0 |     42 |      0 |   1 |   44.0 |
         Sewer |    230 |    230 |      0 |      0 |    159 |   1 |  230.0 |
       Ossuary |    209 |    209 |      0 |      8 |    128 |   1 |  209.0 |
               +--------+--------+--------+--------+--------+-----+--------+

Top non-repeatable levels by time:
     D:3: 1253 daAuts
     D:6: 1144 daAuts
     D:1: 982 daAuts
     D:5: 900 daAuts
     D:7: 840 daAuts
     D:4: 817 daAuts
     D:8: 802 daAuts
     D:2: 783 daAuts
     D:9: 673 daAuts
   Sewer: 230 daAuts
 Ossuary: 209 daAuts
    D:10: 99 daAuts
  Temple: 44 daAuts
